 Dungeon Sprint DCSS version 0.27.1-33-g824d729ab1 (webtiles) character file.

Game seed: 6453828523133230808

15379 manyhoops the Slayer (level 12, -7/139 HPs)
             Began as a Hill Orc Berserker on Nov 26, 2021.
             Was the Champion of Trog.
             Mangled by a fire giant (9 damage)
             ... in the Dungeon (Sprint I: "Red Sonja").
             The game lasted 00:11:18 (4438 turns).

manyhoops the Slayer (Hill Orc Berserker)           Turns: 4438, Time: 00:11:18

Health: -7/139     AC: 25    Str: 25    XL:     12   Next: 26%
Magic:  12/12      EV:  8    Int:  7    God:    Trog [******]
Gold:   2034       SH:  0    Dex: 10    Spells: 11/11 levels left

rFire    . . .     SeeInvis .   q - +4 broad axe (flame)
rCold    . . .     Faith    .   (no shield)
rNeg     . . .     Spirit   .   r - +2 plate armour {Will+}
rPois    .         Reflect  .   (no helmet)
rElec    .         Harm     .   k - +0 cloak
rCorr    .         Rampage  .   u - +0 pair of gloves
Will     +....     NoTele   +   l - +0 pair of boots
Stlth    ..........             (no amulet)
HPRegen  0.33/turn              y - ring of flight
MPRegen  0.13/turn              (no ring)

@: mighty, on berserk cooldown, flying, hasted, very quick
A: no striking features
a: Renounce Religion, Berserk, Trog's Hand, Brothers in Arms


You were in the Dungeon.
You worshipped Trog.
Trog was exalted by your worship.
You visited 1 branch You collected 3327 gold pieces.
You spent 1293 gold pieces at shops.

Inventory:

Hand Weapons
 a - a +0 hand axe
 q - a +4 broad axe of flaming (weapon)
 x - a +3 vorpal battleaxe
Missiles
 m - a throwing net (quivered)
Armour
 i - a +1 leather armour of fire resistance
 k - a +0 cloak (worn)
 l - a +0 pair of boots (worn)
 r - a +2 plate armour of willpower (worn)
 u - a +0 pair of gloves (worn)
Jewellery
 y - a ring of flight (left hand)
Scrolls
 h - 2 scrolls of blinking
 j - a scroll of enchant weapon
 A - a scroll of magic mapping {unknown}
Potions
 b - a potion of lignification
 c - 4 potions of curing
 d - a potion of degeneration
 f - 2 potions of magic
 g - a potion of berserk rage
 n - a potion of flight
 o - a potion of cancellation
 p - a potion of brilliance
 t - 2 potions of attraction
 z - a potion of invisibility {unknown}
Miscellaneous
 e - a piece from Xom's chessboard (15/15)


   Skills:
 + Level 22.9 Fighting
 - Level 18.1 Axes
 * Level 17.4 Armour
 - Level 1.5 Dodging


You had 11 spell levels left.
You didn't know any spells.
Your spell library was empty.

Dungeon Overview and Level Annotations

Branches:
Dungeon (1/1)

Altars:
Cheibriados
Dithmenos
Elyvilon
Fedhas
Gozag
Hepliaklqana
Kikubaaqudgha
Makhleb
Nemelex Xobeh
Okawaru
Qazlal
Ru
Sif Muna
Trog
Uskayaw
Vehumet
Wu Jian
Xom
Yredelemnul
Zin
The Shining One
Jiyva
Lugonu

Shops:
D *::!?**:([[(![![*


Message History

You slash the fire giant!
The fire giant is lightly wounded.
The fire giant casts a spell at you. The bolt of fire misses you.
You completely miss the fire giant.
The fire giant is lightly wounded.
You hit the fire giant.
The fire giant is lightly wounded.
The fire giant gestures at you while chanting.
The fireball explodes!
The fireball engulfs you!!!
* * * LOW HITPOINT WARNING * * *
The fireball engulfs the fire giant!
The fire giant resists.
You hit the fire giant.
The fire giant is moderately wounded.
Unknown command.
You feel much better.
The fire giant gestures at you while chanting.
The fireball explodes!
The fireball engulfs you!
The fireball engulfs the fire giant.
The fire giant resists.
You feel much better.
Okay, then.
You hit the fire giant but do no damage.
The fire giant is moderately wounded.
The fire giant hits you with a +1 great sword of flaming!
The fire giant burns you.
You hit the fire giant.
The fire giant is moderately wounded.
Unknown command.
You feel very mighty all of a sudden. The fire giant casts a spell at you.
The bolt of fire hits you!!!
* * * LOW HITPOINT WARNING * * *
You slice the fire giant!! You burn the fire giant.
The fire giant is heavily wounded.
You hit the fire giant.
The fire giant is severely wounded.
The fire giant hits you with a +1 great sword of flaming!!
* * * LOW HITPOINT WARNING * * *
The fire giant burns you!
You die...

#...°.+○....##§#A#.#
###^○°#^....#§.###.#
'.#○°°###++##.##...#
#.#○○###..###..#+###
#.#.○####..###...#
#§##'#..#..#.###.#
#§##.#........○#.#
§§####...○...○○#)#
#§#..'...○°.####@#
#§#####...###..C)#
§§#..)#####...####
###...CC....###
:....##### ... .


You could see a fire giant.

Vanquished Creatures
  3 fire giants (D)
  A lorocyproca (D)
  A hydra (D)
  2 centaur warriors (D)
  A deep troll (D)
  A lindwurm (D)
  An oklob plant (D)
  A gargoyle (D)
  7 unseen horrors (D)
  2 kobold demonologists (D)
  4 demonic crawlers (D)
  A hornet (D)
  A slime creature (D)
  2 redbacks (D)
  A yak (D)
  Sigmund (D)
  13 hogs (D)
  3 floating eyes (D)
  7 necrophages (D)
  An ogre (D)
  8 jellies (D)
  Ijyb (D)
63 creatures vanquished.

Vanquished Creatures (others)
  the Lernaean hydra (D)
  Sonja (D)
  A gargoyle (D)
  2 ballistomycete spores (D)
5 creatures vanquished.

Grand Total: 68 creatures vanquished

Notes
Turn   | Place    | Note
-------+----------+-------------------------------------------
     0 | D        | manyhoops the Hill Orc Berserker began the quest for the
                  | Orb.
     0 | D        | Reached XP level 1. HP: 19/19 MP: 1/1
     1 | D        | Noticed Ijyb
     8 | D        | Killed Ijyb
     9 | D        | Reached skill level 5 in Fighting
     9 | D        | Reached XP level 2. HP: 30/30 MP: 2/2
     9 | D        | Reached XP level 3. HP: 37/37 MP: 3/3
    75 | D        | Noticed an ogre
    78 | D        | Killed an ogre
    79 | D        | Reached skill level 8 in Fighting
    79 | D        | Reached XP level 4. HP: 43/48 MP: 4/4
   133 | D        | Noticed Sigmund
   152 | D        | Killed Sigmund
   152 | D        | Reached ** piety under Trog
   153 | D        | Reached skill level 10 in Fighting
   153 | D        | Reached skill level 5 in Armour
   153 | D        | Reached XP level 5. HP: 43/59 MP: 5/5
   153 | D        | Reached XP level 6. HP: 49/67 MP: 6/6
   241 | D        | Found an ornate altar of the Wu Jian Council.
   241 | D        | Found a shimmering blue altar of Sif Muna.
   243 | D        | Found a radiant altar of Vehumet.
   257 | D        | Found Dyblanluv's Book Emporium.
   257 | D        | Found an ancient bone altar of Kikubaaqudgha.
   257 | D        | Found a hazy altar of Hepliaklqana.
   257 | D        | Found a stormy altar of Qazlal.
   257 | D        | Found a hide-covered altar of Uskayaw.
   257 | D        | Found a blossoming altar of Fedhas.
   257 | D        | Found a bloodstained altar of Trog.
   257 | D        | Found an iron altar of Okawaru.
   257 | D        | Found a basalt altar of Yredelemnul.
   257 | D        | Found a glowing golden altar of the Shining One.
   257 | D        | Found a snail-covered altar of Cheibriados.
   257 | D        | Found a sacrificial altar of Ru.
   257 | D        | Found a glowing silver altar of Zin.
   257 | D        | Found a shadowy altar of Dithmenos.
   257 | D        | Found a white marble altar of Elyvilon.
   257 | D        | Noticed a yak
   266 | D        | Killed a yak
   267 | D        | Reached skill level 11 in Fighting
   267 | D        | Reached XP level 7. HP: 54/75 MP: 7/7
   267 | D        | Found an opulent altar of Gozag.
   268 | D        | Found a sparkling altar of Nemelex Xobeh.
   399 | D        | Found a viscous altar of Jiyva.
   399 | D        | Found a corrupted altar of Lugonu.
   399 | D        | Noticed a slime creature
   400 | D        | Found a burning altar of Makhleb.
   400 | D        | Found a shimmering altar of Xom.
   406 | D        | Killed a slime creature
   406 | D        | Reached *** piety under Trog
   407 | D        | Reached skill level 12 in Fighting
   555 | D        | Noticed a kobold demonologist
   557 | D        | Noticed a kobold demonologist
   569 | D        | Noticed a soul eater
   571 | D        | Killed a kobold demonologist
   572 | D        | Reached skill level 13 in Fighting
   572 | D        | Reached XP level 8. HP: 86/86 MP: 8/8
   579 | D        | Killed a kobold demonologist
   579 | D        | Reached **** piety under Trog
   580 | D        | Reached skill level 14 in Fighting
   580 | D        | Reached skill level 15 in Axes
   620 | D        | Noticed a centaur warrior
   621 | D        | Noticed a centaur warrior
   632 | D        | Killed a centaur warrior
   633 | D        | Reached skill level 15 in Fighting
   633 | D        | Reached XP level 9. HP: 20/97 MP: 9/9
   634 | D        | Killed a centaur warrior
   635 | D        | Reached skill level 16 in Fighting
   995 | D        | Noticed a deep troll
  1005 | D        | Killed a deep troll
  1165 | D        | Found Nuiding's Armour Emporium.
  1170 | D        | Bought a +0 cloak for 58 gold pieces
  1170 | D        | Bought a +0 pair of boots for 58 gold pieces
  1192 | D        | Killed a gargoyle
  1194 | D        | Noticed a hornet
  1206 | D        | Killed a hornet
  1207 | D        | Reached skill level 17 in Fighting
  1249 | D        | Noticed an oklob plant
  1258 | D        | Killed an oklob plant
  1258 | D        | Reached ***** piety under Trog
  1259 | D        | Reached XP level 10. HP: 103/111 MP: 10/10
  1555 | D        | Reached skill level 10 in Armour
  1611 | D        | Noticed Sonja
  1730 | D        | Found Mifomook's General Store.
  1738 | D        | Bought a throwing net for 36 gold pieces
  1738 | D        | Bought a scroll of identify for 24 gold pieces
  1738 | D        | Bought a scroll of identify for 24 gold pieces
  1738 | D        | Bought a potion of flight for 36 gold pieces
  1797 | D        | Killed an unseen horror
  1798 | D        | Reached skill level 18 in Fighting
  1805 | D        | Killed an unseen horror
  2039 | D        | Reached ****** piety under Trog
  2052 | D        | Received a gift from Trog
  2058 | D        | Reached skill level 19 in Fighting
  2087 | D        | Killed Sonja
  2153 | D        | Reached skill level 20 in Fighting
  2189 | D        | Killed the 27-headed Lernaean hydra
  2230 | D        | Bought a +2 plate armour of willpower for 520 gold pieces
  2396 | D        | Found Ulleolo's Distillery.
  2396 | D        | Found Keokhe Joown's Book Shop.
  2396 | D        | Found Raret's Magic Scroll Boutique.
  2398 | D        | Found Fixoll's Assorted Antiques.
  2398 | D        | Found Ydeola's Assorted Antiques.
  2398 | D        | Found Samam's Book Shoppe.
  2398 | D        | Found Miskip's Antique Weapon Boutique.
  2398 | D        | Found Zolo's Armour Emporium.
  2398 | D        | Found Rolieh's Antique Armour Shop.
  2398 | D        | Found Zozxed's Antique Weapon Shoppe.
  2399 | D        | Bought a potion of haste for 130 gold pieces
  2403 | D        | Bought a scroll of blinking for 82 gold pieces
  2403 | D        | Found Jiyhoc's Distillery.
  2404 | D        | Found Doythipien's Distillery.
  2404 | D        | Found Sophu's Antique Armour Boutique.
  2405 | D        | Found Topiy's Assorted Antiques.
  2415 | D        | Bought a blue potion for 18 gold pieces
  2416 | D        | Bought a pair of gloves for 121 gold pieces
  2422 | D        | Bought a potion of heal wounds for 60 gold pieces
  2423 | D        | Bought a potion of heal wounds for 70 gold pieces
  2423 | D        | Bought a potion of might for 56 gold pieces
  2482 | D        | Noticed a lindwurm
  2484 | D        | Killed a lindwurm
  2484 | D        | Received a gift from Trog
  2485 | D        | Reached XP level 11. HP: 124/124 MP: 11/11
  2515 | D        | Received a gift from Trog
  2516 | D        | Reached skill level 21 in Fighting
  2540 | D        | Noticed a 12-headed hydra
  2543 | D        | Paralysed by a floating eye for 2 turns
  2546 | D        | Killed a ten-headed hydra
  2549 | D        | Received a gift from Trog
  3374 | D        | Killed a lorocyproca
  3375 | D        | Reached skill level 22 in Fighting
  3859 | D        | Noticed a daeva
  3881 | D        | Received a gift from Trog
  3882 | D        | Reached skill level 15 in Armour
  4317 | D        | Noticed a fire giant
  4332 | D        | Killed a fire giant
  4333 | D        | Reached XP level 12. HP: 139/139 MP: 12/12
  4373 | D        | Noticed a fire giant
  4373 | D        | Noticed a fire giant
  4390 | D        | Killed a fire giant
  4397 | D        | Killed a fire giant
  4397 | D        | Received a gift from Trog
  4423 | D        | Identified the ring "Hyhuill" {MP+9 Int+2 Slay+2}
  4423 | D        | Noticed a fire giant
  4438 | D        | HP: 2/139 [fire giant (18)]
  4438 | D        | Mangled by a fire giant

Illustrated notes

Levels and vault maps discovered:
D:        dungeon_sprint_1 [red_sonja_temple_1, red_sonja_temple_small_1]

Skill      XL: |  1  2  3  4  5  6  7  8  9 10 11 12 |
---------------+-------------------------------------+-----
Fighting       | 5 8 10 11 13 15 17 20 22 | 22.9
Axes           | 6 8 11 12 14 16 18 | 18.1
Armour         | 3 4 5 6 7 8 9 12 16 17 | 17.4
Dodging        | |  1.5

Action                   |  1- 3 |  4- 6 |  7- 9 | 10-12 || total
-------------------------+-------+-------+-------+-------++-------
Melee: Hand axe          |     8 |    26 |    60 |    98 ||   192
       Broad axe         |       |       |       |   102 ||   102
Invok: Berserk           |     2 |     2 |     6 |    12 ||    22
       Trog's Hand       |       |       |     1 |     9 ||    10
  Use: Potion            |       |     1 |       |     5 ||     6
       Scroll            |       |       |       |     6 ||     6
Armor: Animal skin       |     2 |       |       |       ||     2
       Leather armour    |       |     3 |     9 |    38 ||    50
       Plate armour      |       |       |       |    95 ||    95
Dodge: Dodged            |     1 |     7 |    25 |    87 ||   120
